Map: Protocole central

Players

Worming - Winner!

  • Race: Zerg Zerg
  • League: Platinum

morph

  • Race: Terran Terran
  • League: Gold

VOD

Have the link to the VOD?

Description

Time

  • Played on: Nov. 11, 2015, 2:31 p.m.
  • Length: 11:18
Show
View Real Time Build Order
Export as new Build Order

Worming Zerg - Winner!

Build Orders: 3 Hatch before Pool, Lurkers 

Get SALT Encoding   

  12  0:01  Drone  
  13  0:12  Overlord  
  13  0:19  Drone  
  14  0:31  Drone x2  
  14  0:35  Drone  
  17  0:54  Hatchery  
  17  0:56  Drone  
  17  1:00  Drone  
  18  1:10  Drone  
  19  1:25  Hatchery  
  19  1:32  Drone  
  19  1:43  Spawning Pool  
  18  1:52  Drone, Overlord  
  19  1:54  Drone  
  20  2:11  Drone x2  
  22  2:28  Drone x2  
  24  2:30  Zergling x4  
  24  2:31  Queen x2  
  24  2:35  Drone  
  31  2:43  Drone x2  
  33  2:52  Drone x3  
  33  2:58  Extractor  
  35  3:00  Queen  
  35  3:02  Drone x2  
  35  3:03  Drone  
  40  3:14  Drone x2  
  40  3:15  Overlord  
  42  3:24  Overlord  
  42  3:35  Drone x5  
  47  3:46  Baneling Nest  
  46  3:50  Drone x5  
  46  3:54  Zergling x2  
  52  3:59  Queen x2  
  56  4:06  Drone x2  
  56  4:07  Overlord x2  
  58  4:12  Extractor  
  58  4:14  Roach Warren  
  56  4:17  Metabolic Boost  
  56  4:18  Drone  
  56  4:19  Drone  
  58  4:30  Queen  
  60  4:44  Spore Crawler  
  60  4:45  Spore Crawler  
  58  4:49  Spine Crawler  
  58  4:51  Overlord x3  
  58  4:52  Zergling x12  
  63  4:53  Zergling x4  
  63  4:56  Overlord  
  65  5:04  Zergling x2  
  65  5:05  Zergling x2  
  63  5:15  Spore Crawler  
  59  5:22  Zergling x20  
  53  6:04  Drone x3  
  56  6:11  Drone x3  
  56  6:12  Drone x2  
  56  6:18  Drone  
  62  6:20  Lair, Extractor x2  
  62  6:23  Drone x2  
  62  6:24  Drone x3  
  62  6:25  Drone  
  66  6:26  Overlord x2, Hatchery  
  66  6:28  Baneling  
  66  6:29  Baneling x5  
  66  6:31  Extractor  
  64  6:46  Drone x2  
  66  6:50  Drone x3  
  66  6:51  Drone x4  
  73  6:55  Extractor  
  73  6:57  Drone x2  
  73  6:58  Drone  
  74  7:08  Drone, Evolution Chamber x2  
  75  7:09  Drone x3, Overlord x2  
  75  7:12  Queen  
  75  7:14  Zergling x2  
  76  7:33  Baneling x2  
  76  7:35  Roach x8  
  92  7:38  Zerg Missile Weapons Level 1, Zerg Ground Armor Level 1  
  92  7:39  Glial Reconstitution  
  92  7:42  Hydralisk Den  
  91  7:54  Zergling x10  
  96  8:04  Spore Crawler  
  93  8:08  Hatchery  
  89  8:24  Lurker Den  
  89  8:25  Hydralisk  
  89  8:26  Hydralisk x7  
  105  8:27  Zergling x2  
  105  8:28  Zergling x14, Roach  
  105  8:29  Roach x5  
  105  8:32  Burrow, Zergling x2  
  126  9:15  Overlord x5  
  126  9:18  Zergling x2, Roach x5  
  126  9:19  Zergling x4  
  126  9:22  Hydralisk x4  
  126  9:24  Overlord x2  
  133  10:01  Zergling x2  
  133  10:02  Zergling x6, Roach x2  
  133  10:03  Roach  
  133  10:05  Lurker x2  
  133  10:06  Lurker x2  
  147  10:09  Zergling x2  
  147  10:10  Zergling x4  
  150  10:18  Extractor  
  150  10:19  Extractor  
  150  10:20  Spore Crawler, Spine Crawler  
  150  10:21  Overlord, Pneumatized Carapace  
  146  10:24  Infestation Pit  
Show
View Real Time Build Order
Export as new Build Order

morph Terran 

Build Orders:  

Get SALT Encoding   

  12  0:01  SCV  
  13  0:13  SCV  
  14  0:25  SCV  
  15  0:34  Supply Depot  
  15  0:56  SCV  
  16  1:01  Barracks  
  16  1:02  Barracks  
  16  1:09  Refinery, SCV  
  17  1:21  SCV  
  18  1:29  Refinery  
  18  1:39  SCV  
  19  1:52  Orbital Command  
  19  1:53  Marine  
  21  1:58  Barracks Reactor  
  20  2:12  Marine  
  21  2:18  Supply Depot, SCV  
  22  2:32  Factory  
  22  2:36  Supply Depot  
  23  2:38  Barracks Reactor, SCV  
  23  2:40  Marine x2  
  25  2:50  SCV  
  25  3:03  Marine x2, SCV  
  28  3:15  SCV  
  28  3:17  Starport  
  29  3:20  Marine x2  
  29  3:21  Marine  
  29  3:22  Marine  
  29  3:23  Widow Mine  
  35  3:27  SCV  
  35  3:32  Supply Depot  
  36  3:39  Marine x2, SCV  
  39  3:51  Supply Depot  
  39  3:54  SCV  
  40  4:00  Marine x2  
  40  4:01  Widow Mine  
  40  4:02  Marine  
  45  4:06  SCV  
  46  4:13  Medivac x2  
  50  4:19  Supply Depot  
  50  4:20  Marine x2  
  50  4:22  Marine  
  53  4:30  Supply Depot  
  53  4:32  SCV  
  54  4:43  Marine  
  54  4:45  SCV  
  56  5:00  Marine x2  
  58  5:10  Command Center  
  58  5:20  Marine x2  
  58  5:21  Widow Mine, Marine  
  61  5:22  Medivac x2  
  60  5:38  Marine  
  52  5:51  Marine x2  
  52  5:52  Widow Mine, Medivac  
  52  5:53  Medivac  
  58  6:02  Marine  
  55  6:04  SCV  
  55  6:09  Marine  
  54  6:15  Barracks Tech Lab  
  54  6:17  SCV  
  55  6:21  Command Center  
  55  6:33  Marine x2  
  55  6:34  Widow Mine, Marauder  
  61  6:42  Medivac  
  61  6:46  Supply Depot  
  63  6:49  Refinery  
  63  6:54  Engineering Bay, Barracks  
  63  6:56  SCV  
  63  6:57  Engineering Bay  
  56  7:23  Widow Mine, Marauder, Marine x2  
  62  7:37  Orbital Command  
  62  7:38  Orbital Command  
  62  7:40  Supply Depot, Marine  
  62  7:41  SCV, Marine  
  65  7:45  Marauder  
  67  7:52  Widow Mine  
  68  8:06  Marauder  
  63  8:15  Liberator  
  63  8:16  SCV x2  
  63  8:17  Liberator  
  61  8:22  SCV  
  61  8:23  Refinery  
  61  8:24  Widow Mine, Marine x2  
  70  8:28  SCV, Marauder  
  72  8:36  SCV x2  
  77  8:43  SCV  
  77  8:48  SCV  
  79  8:50  Marine  
  79  8:51  Marauder, Marine  
  79  8:54  Barracks Tech Lab  
  79  8:55  Factory Reactor  
  83  8:57  Terran Infantry Weapons Level 1  
  83  8:59  SCV  
  83  9:00  Supply Depot  
  84  9:04  SCV  
  84  9:05  Missile Turret x2  
  84  9:08  Marine  
  87  9:12  Barracks  
  87  9:13  Barracks, Marauder  
  87  9:16  Orbital Command  
  88  9:18  Marine, Marauder  
  88  9:19  Medivac  
  93  9:34  Marauder  
  74  9:50  Orbital Command  
  69  10:03  Marine  
  69  10:04  Barracks Tech Lab x2, Marine  
  71  10:25  Marine x2  
  71  10:26  Widow Mine, Marauder x2  
  71  10:27  Medivac x2  
  83  10:31  SCV x2  
  85  10:43  Marine  
  85  10:47  Marauder  
  85  10:48  Marauder  
  89  10:51  Missile Turret  
Tags
 
Add a new tag
Caveats
  • Supply blocks, unpowered buildings, or Contaminate may cause inaccurate times.
  • Supply counts are checked every 10 seconds.